 Dungeon Crawl Stone Soup version 0.29-a0-356-g7bc237e783 (webtiles) character file.

Game seed: 8432367054218450196

7833 kevlar127 the Grappler (level 11, -2/111 HPs)
             Began as a Troll Berserker on Apr 26, 2022.
             Was a Priest of Trog.
             Slain by a red devil
             ... wielding a +0 trident
             ... summoned by an obsidian statue
              (8 damage)
             ... on level 9 of the Dungeon.
             The game lasted 01:03:20 (10450 turns).

kevlar127 the Grappler (Troll Berserker)           Turns: 10450, Time: 01:03:21

Health: -2/111     AC:  7    Str: 37      XL:     11   Next: 2%
Magic:  10/10      EV:  7    Int:  3      God:    Trog [***...]
Gold:   522        SH: 11    Dex:  7 (9)  Spells: 10/10 levels left

rFire   + . .      SeeInvis .     - Unarmed
rCold   . . .      Faith    .   B - +0 tower shield
rNeg    . . .      Spirit   .   O - +2 robe {rF+}
rPois   +          Reflect  .   (helmet restricted)
rElec   .          Harm     .   p - +0 cloak
rCorr   .          Rampage  .   (gloves unavailable)
Will    ++...                   (boots unavailable)
Stlth   +.........              T - amulet of regeneration
HPRegen 2.88/turn               K - ring of poison resistance
MPRegen 0.12/turn               J - +6 ring of strength

@: strong-willed, spiked, regenerating
A: large, unfitting armour, claws 3, regeneration 1, shaggy fur 1, tough skin 1
a: Renounce Religion, Berserk, Trog's Hand


You were on level 9 of the Dungeon.
You worshipped Trog.
Trog was most pleased with you.
You visited 1 branch of the dungeon, and saw 9 of its levels.
You also visited: Sewer.

You collected 522 gold pieces.

Inventory:

Hand Weapons
 S - the +5 rapier "Moill" {protect, Drain rElec SInv}
   (You found it on level 8 of the Dungeon)

   It grants its wielder temporary protection when it strikes (+7 to AC).
   rElec:     It insulates you from electricity.
   SInv:      It lets you see invisible.
   Drain:     It drains your maximum health when unequipped.
Missiles
 c - 319 stones (quivered)
 w - 5 javelins
 E - 16 poisoned darts
 R - 2 boomerangs
Armour
 p - a +0 cloak (worn)
 B - a +0 tower shield (worn)
 I - a +0 kite shield
 O - a +2 robe of fire resistance (worn)
Jewellery
 a - a +4 ring of protection
 r - a ring of resist corrosion
 z - an amulet of guardian spirit
 J - a +6 ring of strength (right claw)
 K - a ring of poison resistance (left claw)
 M - an amulet of the acrobat
 T - an amulet of regeneration (around neck)
Wands
 h - a wand of mindburst (12)
 L - a wand of polymorph (7)
 N - a wand of flame (19)
 P - a wand of iceblast (8)
Scrolls
 d - 5 scrolls of teleportation
 f - 3 scrolls of magic mapping
 o - 2 scrolls of immolation
 s - a scroll of enchant armour {unknown}
 t - 6 scrolls of brand weapon
 v - 2 scrolls of fog
 x - 2 scrolls of enchant weapon {unknown}
 y - a scroll of vulnerability {unknown}
 A - a scroll of holy word {unknown}
 F - a scroll of fear {unknown}
 G - a scroll of amnesia {unknown}
 H - a scroll of noise {unknown}
 Q - a scroll of blinking {unknown}
 U - a scroll of torment {unknown}
Potions
 b - 3 potions of lignification
 e - 2 potions of might
 g - a potion of attraction {unknown}
 j - 8 potions of curing
 k - 2 potions of mutation
 l - a potion of brilliance {unknown}
 m - a potion of flight
 n - 3 potions of degeneration
 u - a potion of cancellation
 C - a potion of magic
 D - 2 potions of berserk rage
Miscellaneous
 q - a piece from Xom's chessboard (15/15)


   Skills:
 + Level 8.0 Fighting
 + Level 7.0 Throwing
 - Level 3.0 Dodging
 - Level 4.0 Shields
 + Level 9.6 Unarmed Combat
 + Level 4.5 Evocations


You had 10 spell levels left.
You didn't know any spells.
Your spell library was empty.

Dungeon Overview and Level Annotations

Branches:
Dungeon (9/15)             Temple (0/1) D:5           Sewer (visited)
   Lair: D:8-11         Orc: D:9-12

Altars:
Ashenzari
Cheibriados
Elyvilon
Fedhas
Hepliaklqana
Vehumet
Xom
Yredelemnul

Shops:
D:9 (

Annotations:
D:9 3 runed translucent doors, exclusions: obsidian statue and statue


Innate Abilities, Weirdness & Mutations

You are too large for most types of armour.
You have claws for hands.
Your natural rate of healing is unusually fast.
You are covered in fur. (AC +1)
You have tough skin. (AC +1)


Message History

It was a potion of cancellation.
Your magical effects are unravelling.
You feel magically purged.
You feel yourself slow down.
You feel a little less mighty now.
The quasit bites you but does no damage.
The quasit claws you.
* * * LOW HITPOINT WARNING * * *
You feel clumsy. You block the quasit's attack.
You block the ufetubus's attack. The ufetubus hits you.
* * * LOW HITPOINT WARNING * * *
The red devil closely misses you. Something hits you but does no damage.
You block the hellwing's attack. The hellwing hits you.
* * * LOW HITPOINT WARNING * * *
You closely miss the hellwing. The quasit bites you.
* * * LOW HITPOINT WARNING * * *
The quasit closely misses you.
The quasit claws you but does no damage.
The ufetubus barely misses you. You block the ufetubus's attack.
The red devil hits you from afar with a +0 trident.
* * * LOW HITPOINT WARNING * * *
Barbed spikes become lodged in your body.
Something hits you.
* * * LOW HITPOINT WARNING * * *
The obsidian statue's eyes glow briefly.
The hellwing hits you!
* * * LOW HITPOINT WARNING * * *
The hellwing hits you.
* * * LOW HITPOINT WARNING * * *
The quasit bites you but does no damage.
The quasit claws you but does no damage.
The quasit barely misses you. The ufetubus hits you.
* * * LOW HITPOINT WARNING * * *
You block the ufetubus's attack.
Your skin crawls.
You feel strong-willed.
The quasit disappears in a puff of smoke!
The ufetubus hits you but does no damage. x2
The red devil hits you from afar with a +0 trident!
You die... #..# ?# ... #. #..# #..... #.##.##5.[.5##.##.###.≈≈≈≈ ##.+..o..)8(..o.o+.....≈... #..##.##..55.##.##.###.≈.## #...#..# 555

#..#..###.≈.#.
#.#.##.###3###.##.###..≈.#.
#.#..#...#'#...#.......≈.#.
#....###45{5.###.#)###.≈.#.
###....###@###...#.# #.≈...
#.#....#4#...###.# #.≈≈≈≈
#...#........###.# #.....
###.#.#.#####....#####.#.
#.#.##.###.............
#.#.###.#..########.###
#.#.# ##.#.# #.#
#.#.####.#.# #.#
#.........)# #.#


You could see an obsidian statue, a hellwing (summoned), a ynoxinul (summoned),
a red devil (summoned), an iron imp (summoned), a shadow imp (summoned) and 7
ufetubi.

Vanquished Creatures
  2 two-headed ogres (D:9)
  A troll (D:8)
  Grinder (D:6)
  9 yaks
  A wraith (D:9)
  A steam dragon (D:9)
  3 redbacks (D:6)
  6 water moccasins
  An ice beast (D:6)
  A black bear (D:7)
  A sky beast (D:6)
  5 centaurs
  4 phantoms
  A kobold brigand (D:8)
  A gnoll sergeant (D:9)
  Blork the orc (D:6)
  4 bullfrogs
  3 necrophages
  6 scorpions
  9 wights (D:8)
  11 killer bees (D:6)
  A howler monkey (D:8)
  2 hounds
  2 jellies
  Crazy Yiuf (D:2)
  3 orc priests
  A gnoll shaman (D:7)
  2 iguanas
  6 orc wizards
  Robin (D:2)
  15 gnolls
  6 adders
  A shadow imp (D:5)
  A white imp (D:6)
  2 ufetubi (D:7)
  A worm (D:2)
  A dart slug (D:3)
  18 orcs
  5 endoplasms
  3 giant cockroaches
  12 goblins
  5 hobgoblins
  5 jackals
  5 kobolds
  6 quokkas
  9 ball pythons
  3 bats
  2 frilled lizards
  5 rats
  A butterfly (D:3)
197 creatures vanquished.

Vanquished Creatures (others)
  2 demonic plants (D:2)
  A plant (D:6)
3 creatures vanquished.

Grand Total: 200 creatures vanquished

Notes
Turn   | Place    | Note
-------+----------+-------------------------------------------
     0 | D:1      | kevlar127 the Troll Berserker began the quest for the Orb.
     0 | D:1      | Reached XP level 1. HP: 22/22 MP: 0/0
     2 | D:1      | Noticed a vine stalker
     2 | D:1      | Noticed a tengu
     4 | D:1      | Noticed an elf
     4 | D:1      | Noticed a demonspawn
     8 | D:1      | Noticed a merfolk
    10 | D:1      | Noticed a vampire
    12 | D:1      | Noticed a human
    14 | D:1      | Noticed a dwarf
    14 | D:1      | Noticed a formicid
    16 | D:1      | Noticed a demigod
    16 | D:1      | Noticed an octopode
    18 | D:1      | Noticed a minotaur
    18 | D:1      | Noticed a troll
    20 | D:1      | Noticed a draconian
    20 | D:1      | Noticed a felid
    22 | D:1      | Noticed an ogre
    22 | D:1      | Noticed a gargoyle
    24 | D:1      | Noticed a spriggan
    24 | D:1      | Noticed a ghoul
    26 | D:1      | Noticed a naga
   353 | D:1      | Reached XP level 2. HP: 29/29 MP: 1/1
   773 | D:2      | Reached XP level 3. HP: 17/36 MP: 2/2
   947 | D:2      | Noticed Robin
   948 | D:2      | Killed Robin
   948 | D:2      | Reached ** piety under Trog
   949 | D:2      | Reached XP level 4. HP: 45/45 MP: 3/3
  1047 | D:2      | Found a faded altar of an unknown god.
  1134 | D:2      | Found a runed translucent door.
  1135 | D:2      | Noticed Crazy Yiuf
  1262 | D:2      | Reached skill level 4 in Unarmed Combat
  1301 | D:2      | Noticed a phantom
  1315 | D:2      | Killed a phantom
  1316 | D:2      | Reached XP level 5. HP: 38/54 MP: 4/4
  1713 | D:2      | Killed Crazy Yiuf
  1751 | D:3      | Found a shimmering altar of Xom.
  1832 | D:3      | Found a broken altar of Ashenzari.
  1901 | D:3      | Found a glowing drain.
  1919 | Sewer    | Entered a sewer
  1953 | Sewer    | Noticed a water moccasin
  1966 | Sewer    | Killed a water moccasin
  1967 | Sewer    | Reached skill level 5 in Unarmed Combat
  1967 | Sewer    | Reached XP level 6. HP: 36/62 MP: 5/5
  2492 | D:3      | Found a hazy altar of Hepliaklqana.
  3012 | D:4      | Reached skill level 1 in Throwing
  3016 | D:5      | Entered Level 5 of the Dungeon
  3088 | D:5      | Reached XP level 7. HP: 71/71 MP: 6/6
  3981 | D:5      | Found a white marble altar of Elyvilon.
  3986 | D:5      | Reached skill level 5 in Fighting
  3986 | D:5      | Reached skill level 1 in Shields
  3991 | D:5      | Reached skill level 6 in Unarmed Combat
  4019 | D:5      | Found a staircase to the Ecumenical Temple.
  4510 | D:6      | Reached *** piety under Trog
  4511 | D:6      | Reached XP level 8. HP: 76/80 MP: 7/7
  4833 | D:6      | Noticed Grinder
  4987 | D:6      | Killed Grinder
  5110 | D:6      | Found a runed translucent gate.
  5110 | D:6      | Found a runed translucent gate.
  5115 | D:6      | Found a runed translucent gate.
  5123 | D:6      | Found a runed translucent door.
  5132 | D:6      | Found the +9 staff of Olgreb {rPois∞}
  5137 | D:6      | Found a runed translucent door.
  5199 | D:6      | Reached skill level 7 in Unarmed Combat
  5232 | D:6      | Noticed Blork the orc
  5237 | D:6      | Killed Blork the orc
  5717 | D:7      | Reached XP level 9. HP: 86/88 MP: 8/8
  6801 | D:8      | Reached skill level 1 in Evocations
  7145 | D:8      | Reached skill level 5 in Throwing
  7145 | D:8      | Reached skill level 8 in Unarmed Combat
  7218 | D:8      | Found a large runed translucent door.
  7219 | D:8      | Found a large runed translucent door.
  7536 | D:8      | Identified the +5 rapier "Moill" {protect, Drain rElec
                  | SInv}
  8182 | D:8      | Noticed a troll
  8425 | D:8      | Killed a troll
  8591 | D:8      | Found a basalt altar of Yredelemnul.
  8597 | D:8      | Found a blossoming altar of Fedhas.
  8636 | D:9      | Reached XP level 10. HP: 102/102 MP: 9/9
  8676 | D:9      | Noticed a two-headed ogre
  8791 | D:6      | Reached skill level 9 in Unarmed Combat
  8862 | D:6      | Reached **** piety under Trog
  8999 | D:9      | Killed a two-headed ogre
  9629 | D:9      | Found a radiant altar of Vehumet.
  9821 | D:9      | Found a snail-covered altar of Cheibriados.
  9952 | D:9      | Found a runed translucent door.
  9978 | D:9      | Found a runed translucent door.
  9992 | D:9      | Found a runed translucent door.
 10006 | D:9      | Noticed a two-headed ogre
 10012 | D:9      | Killed a two-headed ogre
 10059 | D:9      | Found a runed translucent door.
 10145 | D:9      | Reached XP level 11. HP: 104/111 MP: 10/10
 10262 | D:9      | Found Eqofuh's Antique Weapon Shoppe.
 10426 | D:9      | Noticed an obsidian statue
 10449 | D:9      | HP: 5/111 [hellwing[an obsidian statue] (7)]
 10450 | D:9      | Slain by a red devil

Illustrated notes

Levels and vault maps discovered:
D:1:      kb_arrival_jail, layout_loops_cross
D:2:      layout_loops_ring, dreamdust_ecumenical_altar_sealed_demon,
          hangedman_decor_growths, st_stairs_12, serial_bayou_crossing,
          uniq_crazy_yiuf_cottage, uniq_robin
D:3:      layout_loops_cross, xom_butterflies, lemuel_doored_altar,
          nicolae_ashenzari_skybound, cheibrodos_sewer_entry_sluice,
          guppyfry_early_lair_pool
D:4:      layout_basic, lightli_ossuary_entry_decrepit_ruins
D:5:      layout_rooms, elyvilon_altar_5, minmay_temple_entry_overgrown,
          minmay_holes
D:6:      layout_basic, serial_bayou_pond_d,
          minmay_guarded_unrand_staff_of_olgreb, uniq_blork_the_orc,
          uniq_grinder
D:7:      layout_gridville
D:8:      layout_layer_cave, jmf_multi_god_temple2, enter_bailey_3
D:9:      layout_loops_ring, vehumet_statue, mainiacjoe_overflow_brackets,
          serial_shops, shop, serial_aquarium, aquarium_bridge_long_joined
          [aquarium_subvault_bridge, aquarium_subvault_bridge,
          aquarium_subvault_balcony, aquarium_subvault_bridge,
          aquarium_subvault_wall, aquarium_subvault_bridge], aquarium_window_1,
          aquarium_window_2, aquarium_view_2e, aquarium_view_2b,
          aquarium_balcony_1a, minmay_statue_crystal_thing

Skill      XL: |  1  2  3  4  5  6  7  8  9 10 |
---------------+-------------------------------+-----
Fighting       | 3 4 5 6 7 8 |  8.0
Unarmed Combat | 4 5 6 7 8 9 |  9.6
Dodging        | 3 |  3.0
Throwing       | 1 3 4 5 7 |  7.0
Shields        | 2 3 4 |  4.0
Evocations     | 2 4 |  4.5

Action                   |  1- 3 |  4- 6 |  7- 9 | 10-12 || total
-------------------------+-------+-------+-------+-------++-------
Melee: Unarmed           |    52 |   126 |   252 |   157 ||   587
       Punch             |     1 |     5 |     5 |       ||    11
Throw: Stone             |       |       |     6 |     6 ||    12
Invok: Berserk           |       |     2 |     2 |     2 ||     6
       Trog's Hand       |       |     2 |     5 |     3 ||    10
  Use: Scroll            |       |       |    12 |     1 ||    13
       Potion            |       |       |       |     3 ||     3
 Stab: Sleeping          |       |     2 |       |       ||     2
Armor: Animal skin       |    12 |    41 |    51 |       ||   104
       Robe              |       |       |     8 |    68 ||    76
Dodge: Dodged            |    31 |    54 |    85 |    59 ||   229
Block: Tower shield      |       |       |   111 |   124 ||   235

Table legend: (Time is in decaauts)
 A = Elapsed time spent in this place.
 B = Non-inter-level travel time spent in this place.
 C = Inter-level travel time spent in this place.
 D = Time resting spent in this place.
 E = Time spent auto-exploring this place.
 F = Levels seen in this place.
 G = Mean time per level.
                   A        B        C        D        E       F      G
               +--------+--------+--------+--------+--------+-----+--------+
         Total |  10576 |   9864 |    712 |   1689 |   5984 |  10 | 1057.6 |
       Dungeon |  10244 |   9532 |    712 |   1532 |   5902 |   9 | 1138.2 |
         Sewer |    331 |    331 |      0 |    157 |     82 |   1 |  331.0 |
               +--------+--------+--------+--------+--------+-----+--------+

Top non-repeatable levels by time:
     D:8: 1981 daAuts
     D:9: 1547 daAuts
     D:6: 1289 daAuts
     D:7: 1213 daAuts
     D:4: 1185 daAuts
     D:2: 1092 daAuts
     D:1: 742 daAuts
     D:3: 631 daAuts
     D:5: 560 daAuts
   Sewer: 331 daAuts
